 Dungeon Crawl Stone Soup version 0.22-b1-21-g5cfc1688f2 (webtiles) character file.

129011 Pieper the Peltast (level 17, -5/129 HPs)
             Began as a Gargoyle Fighter on Aug 7, 2018.
             Was the Champion of Okawaru.
             Slain by a large abomination (9 damage)
             ... on level 3 of the Abyss.
             The game lasted 03:22:37 (28104 turns).

Pieper the Peltast (Gargoyle Fighter)              Turns: 28104, Time: 03:22:37

Health: -5/129     AC: 34    Str: 18      XL:     17   Next: 4%
Magic:  13/13      EV:  2    Int:  9 (10) God:    Okawaru [******]
Gold:   1689       SH:  0    Dex:  9 (10) Spells: 14/16 levels left

rFire    + + +     SeeInvis .   x - +8 lance "Wyrmbane" {slay drac, rPois rF+ rC+ AC+3}
rCold    + + .     Gourm    .   P - +1 large shield
rNeg     + + +     Faith    .   (armour currently unavailable)
rPois    ∞         Spirit   .   (helmet currently unavailable)
rElec    .         Reflect  .   (cloak currently unavailable)
rCorr    .         Harm     .   (gloves currently unavailable)
MR       +....     Rnd*Rage +   (boots currently unavailable) Stlth ++........NoTele +
                                l - amulet of regeneration
HPRegen  0.00/turn              c - +3 ring of protection
MPRegen  0.13/turn              O - ring of Celaroh {*Contam rF++ rC+ Int+3 Stlth+}

@: confused, tree-form, studying Invocations
A: [berserk 2], [blurry vision 3], [clumsy 2], [deterioration 2], dopey 1,
[frail 2], [low mp 2], negative energy resistance 1, [screaming 2], [inhibited
regeneration], [weak 2], petrification resistance, [no potion heal 2], rot
immunity, AC +12
a: Heroism, Finesse, Renounce Religion


You were on level 3 of the Abyss.
You worshipped Okawaru.
Okawaru was exalted by your worship.
You were not hungry.
You were a tree.
You visited 6 branches of the dungeon, and saw 28 of its levels.
You visited the Abyss 2 times.
You also visited: Ice Cave.

You collected 3091 gold pieces.
You spent 1402 gold pieces at shops.

Inventory:

Hand Weapons
 k - a +3 shortbow of flaming
 v - the +9 spear "Keohick" {antimagic, rElec Stlth+}
   (Okawaru gifted it to you on level 3 of the Lair of Beasts)

   It reduces the magical energy of the wielder, and disrupts the spells and
   magical abilities of those hit.
   Natural abilities and divine invocations are not affected.
   It insulates you from electricity.
   It makes you more stealthy.
 x - the +8 lance "Wyrmbane" (weapon) {slay drac, rPois rF+ rC+ AC+3}
   (You found it on level 5 of the Dungeon)

   It affects your AC (+3).
   It protects you from fire.
   It protects you from cold.
   It protects you from poison.
 V - the +9 bardiche of Okawaru's Benevolence {pain, +Inv rElec rF+}
   (Okawaru gifted it to you on level 2 of the Lair of Beasts)

   In the hands of one skilled in necromantic magic, it inflicts extra damage on
   living creatures.
   It protects you from fire.
   It insulates you from electricity.
   It lets you turn invisible.
 Y - a +5 quarterstaff of draining
Missiles
 j - 4 throwing nets
 q - 43 arrows
 C - 22 tomahawks (quivered)
 R - 17 poisoned javelins
Armour
 a - the +1 hat of the Untouchables (melded) {rF- rC+ Str+3 Slay+2}
   (You bought it in a shop on level 7 of the Dungeon)

   It affects your strength (+3).
   It affects your accuracy and damage with ranged weapons and melee attacks
   (+2).
   It makes you vulnerable to fire.
   It protects you from cold.
 o - the +1 pair of gloves "Mitugey" (melded) {rN+ MP+9 Int+4 Dex+2}
   (You found it on level 11 of the Dungeon)

   It affects your intelligence (+4).
   It affects your dexterity (+2).
   It protects you from negative energy.
   It affects your magic capacity (+9).
 L - the +2 leather armour "Ydaaryf" (melded) {rC+ Regen+ rCorr Int+4}
   (You took it off a necromancer in an ice cave)

   It affects your intelligence (+4).
   It protects you from cold.
   It increases your rate of regeneration.
   It provides partial protection from all sources of acid and corrosion.
 P - a +1 large shield (worn)
 Q - a +0 cloak (melded)
 X - the +0 pair of boots "Fyset" (melded) {rPois Regen+}
   (Okawaru gifted it to you on level 4 of the Lair of Beasts)

   It protects you from poison.
   It increases your rate of regeneration.
Jewellery
 c - a +3 ring of protection (left branch)
 l - an amulet of regeneration (around neck)
 H - a +3 ring of intelligence
 J - a +6 ring of intelligence
 O - the ring of Celaroh (right branch) {*Contam rF++ rC+ Int+3 Stlth+}
   (You found it on level 4 of the Lair of Beasts)

   [ring of protection from cold]

   It affects your intelligence (+3).
   It greatly protects you from fire.
   It protects you from cold.
   It causes magical contamination when unequipped.
   It makes you more stealthy.
Wands
 d - a wand of disintegration (21)
 u - a wand of paralysis (37)
 w - a wand of acid (23)
 y - a wand of scattershot (12)
 F - a wand of flame (13)
 G - a wand of clouds (8)
 N - a wand of iceblast (10)
 W - a wand of enslavement (16)
Scrolls
 b - 10 scrolls of teleportation
 i - 2 scrolls of fear
 m - 3 scrolls of fog
 p - a scroll of blinking
 r - 5 scrolls of remove curse
 E - 2 scrolls of magic mapping
 I - a scroll of enchant armour
 K - 9 scrolls of identify
 U - 2 scrolls of vulnerability
Potions
 e - 13 potions of curing
 f - 5 potions of cancellation
 g - a potion of heal wounds
 h - a potion of berserk rage
 n - 3 potions of lignification
 s - 2 potions of brilliance
 t - 4 potions of haste
 A - 2 potions of might
 B - a potion of ambrosia
 D - a potion of resistance
 S - 3 potions of agility
Books
 M - a manual of Invocations
Miscellaneous
 T - a phantom mirror
Comestibles
 z - 9 rations


   Skills:
 + Level 12.8 Fighting
   Level 3.0(4.1) Short Blades
   Level 4.2(4.7) Long Blades
 + Level 14.0 Polearms
 + Level 1.8 Bows
 + Level 2.5 Throwing
 + Level 9.4 Armour
 + Level 10.3 Dodging
 + Level 7.5 Stealth
 + Level 17.0 Shields
 + Level 0.3 Evocations


You had 14 spell levels left.
You knew the following spells:

 Your Spells              Type           Power        Failure   Level  Hunger
a - Beastly Appendage     Tmut           #.....       75%         1    ##.....
b - Flame Tongue          Conj/Fire      #....        75%         1    ##.....

Your spell library contained the following spells:

 Spells                   Type           Power        Failure   Level  Hunger
 Cause Fear               Hex            #.........   100%        4    #####..
 Fireball                 Conj/Fire      #.........   100%        5    ######.
 Conjure Flame            Conj/Fire      #.......     98%         3    ####...
 Throw Flame              Conj/Fire      #.....       86%         2    ###....
 Sticky Flame             Conj/Fire      #.......     100%        4    #####..
 Corpse Rot               Necr           N/A          86%         2    ###....
 Stone Arrow              Conj/Erth      #.....       98%         3    ####...
 Spider Form              Tmut/Pois      #.........   98%         3    ####...
 Blade Hands              Tmut           #.........   100%        5    ######.
 Ice Form                 Ice/Tmut       #.......     100%        4    #####..
 Deflect Missiles         Chrm/Air       #.........   100%        6    #######
 Sticks to Snakes         Tmut           #.......     86%         2    ###....
 Silence                  Hex/Air        #.........   100%        5    ######.
 Leda's Liquefaction      Hex/Erth       #.........   100%        4    #####..
 Summon Hydra             Summ           #.........   100%        7    #######
 Inner Flame              Hex/Fire       #.......     98%         3    ####...
 Discord                  Hex            #.........   100%        8    #######
 Summon Forest            Summ/Tloc      #.........   100%        5    ######.
 Hydra Form               Tmut           #.........   100%        6    #######
 Yara's Violent Unravell  Hex/Tmut       #.........   100%        5    ######.


Dungeon Overview and Level Annotations

Branches:
Dungeon (15/15)            Temple (1/1) D:7            Lair (6/6) D:9
 Shoals (3/4) Lair:2       Spider (1/4) Lair:2        Slime (0/5) Lair:5
    Orc (2/2) D:11            Elf (0/3) Orc:2        Vaults (0/5) D:13
 Depths (0/5) D:15

Altars:
Ashenzari
Cheibriados
Dithmenos
Elyvilon
Fedhas
Gozag
Hepliaklqana
Kikubaaqudgha
Makhleb
Nemelex Xobeh
Okawaru
Qazlal
Ru
Sif Muna
Trog
Uskayaw
Vehumet
Wu Jian
Xom
Yredelemnul
Zin
The Shining One

Shops:
D:7 [   D:8 *?   D:10 ??[   D:15 (   Orc:2 =*[   Shoals:2 :

Annotations:
Lair:1 2 runed doors, exclusion: oklob plant, Waycsuqi's ghost, novice CeFi
Lair:5 exclusion: 2 oklob plants
Shoals:3 Louise


Innate Abilities, Weirdness & Mutations

You are resistant to torment.
((Your stone body is resilient. (AC +12)))
You are immune to poison.
((Your large and strong wings let you fly indefinitely.))
You resist negative energy. (rN+)
((You are resistant to electric shocks. (rElec)))
((You can survive without breathing.))
You are immune to petrification.
You are immune to rotting.
You are dopey. (Int -2)
[You often lose your temper in combat.]
[Scrolls take you much longer to read.]
[You are very clumsy. (Dex -4)]
[((Armour fits poorly on your strangely shaped body.))]
[Your body often deteriorates upon taking damage.]
[You are very frail. (-20% HP)]
[Your magical capacity is very low. (-20% MP)]
[You sometimes yell uncontrollably at your foes.]
[You do not regenerate when monsters are visible.]
[You are very weak. (Str -4)]
[Potions are poor at restoring your health.]


Message History

* * * LOW HITPOINT WARNING * * *
The golden eye blinks!
You cannot move. (Use ctrl+direction to attack without moving.) Unknown command.
Unknown command.
You cannot move. (Use ctrl+direction to attack without moving.)
The thrashing horror tramples you!
* * * LOW HITPOINT WARNING * * *
The thrashing horror tramples you but does no damage.
The large abomination hits you but does no damage.
The thrashing horror tramples you but does no damage. x4
The large abomination hits you.
* * * LOW HITPOINT WARNING * * *
The blink frog blinks!
The thrashing horror tramples you.
* * * LOW HITPOINT WARNING * * *
The thrashing horror tramples you.
* * * LOW HITPOINT WARNING * * *
The golden eye blinks!
The large abomination hits you!
You die...

..#.###. .#. .
.. #.. #. ...
...#.. .#
##...#.# .....
#.#.##.#.G#.....
. # .
..#........... .
..#.##.#G.## #..
..####...#5## .#
# # #.xX## ..
#..#♣## #
#.#X##XX.# #.
.#..##.....
.....#..## .#.
#######(# ###


You could see 2 thrashing horrors, a large abomination, a small abomination, an
iron imp and 2 golden eyes.

Vanquished Creatures
  Gastronok (Lair:1)
  Kirke (Lair:5)
  An orc warlord (Orc:1)
  A ghost moth (Lair:2)
  The ghost of Jillonk the Basher, a journeyman MiFi of Trog (Orc:1)
  A merfolk javelineer (Shoals:1)
  4 merfolk impalers
  9 hydras
  A yaktaur captain (D:15)
  A catoblepas (Shoals:3)
  6 two-headed ogres
  A merfolk avatar (Shoals:1)
  Erica (D:11)
  5 centaur warriors
  An ogre mage (D:13)
  2 satyrs
  4 death yaks
  3 orc high priests (Orc:2)
  2 tengu warriors
  Sonja (Lair:2)
  2 hell knights (Abyss:2)
  9 skeletal warriors
  4 sea snakes
  3 unseen horrors
  Pikel (D:9)
  9 harpies
  A wolf spider (Lair:2)
  4 orc knights
  A necromancer (IceCv)
  A wolf spider zombie (D:14)
  2 deep elf magi
  8 fauns
  6 orc sorcerers
  4 ugly things
  A salamander (Lair:1)
  5 cyclopes
  5 manticores
  5 black mambas
  11 elephants
  4 merfolk sirens
  5 torpor snails
  3 ice statues (IceCv)
  6 centaur skeletons
  18 spiny frogs
  A rime drake (Lair:5)
  6 komodo dragons
  A freezing wraith (D:14)
  6 yaktaurs
  10 ice devils (IceCv)
  2 tengu conjurers
  3 meliai (D:15)
  5 wind drakes
  3 trolls
  2 polar bears
  14 merfolk
  A hornet (D:15)
  4 dream sheep (Shoals:2)
  5 tyrant leeches (Lair:6)
  5 hippogriffs
  7 snapping turtles
  19 blink frogs
  3 redbacks (Lair:2)
  An air elemental (D:12)
  2 hogs (Lair:5)
  2 vampires
  Eustachio (D:4)
  4 wyverns
  3 water elementals
  2 wraiths
  A spriggan (D:7)
  A tarantella (Lair:2)
  48 yaks
  4 basilisks
  5 hungry ghosts
  A chaos spawn (Abyss:2)
  11 vampire mosquitoes
  3 wargs (Orc:1)
  An acid dragon (D:13)
  3 soldier ants
  5 water moccasins
  36 orc warriors
  7 porcupines
  A hornet zombie (D:12)
  2 phantoms
  4 black bears
  5 ice beasts
  2 slaves (D:9)
  5 sky beasts
  A tengu (shapeshifter) (D:14)
  8 wolves
  14 ogres
  8 crocodiles
  20 centaurs
  A big kobold (D:7)
  A gnoll sergeant (D:10)
  30 bullfrogs
  An earth elemental (D:12)
  3 scorpions
  11 killer bees (D:9)
  4 wights (D:8)
  An electric eel (D:12)
  4 howler monkeys
  7 crimson imps
  A lava snake (Lair:1)
  A bullfrog zombie (D:5)
  4 centaur zombies
  7 hounds
  A draconian simulacrum (IceCv)
  2 jellies (D:7)
  22 orc priests
  39 orc wizards
  3 bullfrog skeletons
  An iguana (D:9)
  5 troll simulacra (IceCv)
  10 worker ants
  A killer bee zombie (D:9)
  3 centaur simulacra (IceCv)
  A hound skeleton (D:11)
  4 mummies (D:13)
  5 gnolls (D:10)
  A howler monkey skeleton (D:4)
  12 adders
  A naga simulacrum (IceCv)
  A shadow imp (D:11)
  3 white imps (D:12)
  3 ufetubi (D:12)
  An adder skeleton (D:8)
  3 worms (D:2)
  2 dart slugs (D:3)
  5 leopard geckos
  107 orcs
  8 bats
  4 giant cockroaches
  6 goblins
  8 hobgoblins
  11 jackals
  6 quokkas
  3 frilled lizards
  14 kobolds
  A leopard gecko skeleton (D:4)
  A rat (D:3)
847 creatures vanquished.

Vanquished Creatures (others)
  A fire elemental (D:12)
  An electric eel (D:12)
  An orc wizard (Orc:2)
  26 fungi
  46 plants
75 creatures vanquished.

Grand Total: 922 creatures vanquished

Notes
Turn   | Place    | Note
-------+----------+-------------------------------------------
     0 | D:1      | Pieper the Gargoyle Fighter began the quest for the Orb.
     0 | D:1      | Reached XP level 1. HP: 14/14 MP: 1/1
   109 | D:1      | Reached XP level 2. HP: 11/19 MP: 2/2
  1113 | D:2      | Reached XP level 3. HP: 20/23 MP: 3/3
  1692 | D:3      | Reached XP level 4. HP: 23/29 MP: 4/4
  1831 | D:3      | Found an ornate altar of the Wu Jian Council.
  1842 | D:3      | Reached skill level 4 in Shields
  2278 | D:4      | Reached XP level 5. HP: 4/33 MP: 5/5
  2379 | D:4      | Reached skill level 1 in Dodging
  2379 | D:4      | Reached XP level 6. HP: 25/38 MP: 6/6
  2618 | D:4      | Reached skill level 5 in Shields
  2737 | D:4      | Noticed Eustachio
  2760 | D:4      | Killed Eustachio
  2760 | D:4      | Reached XP level 7. HP: 42/43 MP: 7/7
  3007 | D:5      | Entered Level 5 of the Dungeon
  3224 | D:5      | Reached skill level 1 in Short Blades
  3321 | D:5      | Found a sacrificial altar of Ru.
  3362 | D:5      | Reached skill level 6 in Shields
  3567 | D:5      | Found a radiant altar of Vehumet.
  3674 | D:5      | Reached XP level 8. HP: 28/48 MP: 8/8
  3841 | D:5      | Found the +8 lance "Wyrmbane" {slay drac, rPois rF+ rC+ AC+3}
  4167 | D:5      | Found a bloodstained altar of Trog.
  4278 | D:6      | Reached skill level 1 in Polearms
  4454 | D:6      | Reached skill level 7 in Shields
  4868 | D:7      | Found a burning altar of Makhleb.
  4878 | D:7      | Reached skill level 5 in Armour
  5137 | D:7      | Found an ancient bone altar of Kikubaaqudgha.
  5146 | D:7      | Reached XP level 9. HP: 53/53 MP: 9/9
  5218 | D:7      | Reached skill level 5 in Fighting
  5333 | D:7      | Found a staircase to the Ecumenical Temple.
  5385 | Temple   | Entered the Ecumenical Temple
  5507 | Temple   | Became a worshipper of Warmaster Okawaru
  5865 | D:7      | Found Buwkojedd's Antique Armour Shop.
  5873 | D:7      | Bought a faintly humming hat for 252 gold pieces
  5883 | D:7      | Identified the +1 hat of the Untouchables {rF- rC+ Str+3 Slay+2} (You bought it in a shop on level 7 of the Dungeon)
  6336 | D:8      | Found Iqemumoe's Assorted Antiques.
  6457 | D:8      | Reached skill level 8 in Shields
  6641 | D:8      | Found a shimmering altar of Xom.
  6641 | D:8      | Noticed an angel
  6643 | D:8      | Found a glowing silver altar of Zin.
  6689 | D:8      | Reached skill level 1 in Stealth
  6780 | D:8      | Found Goizoc's Magic Scroll Shoppe.
  6783 | D:8      | Reached skill level 5 in Polearms
  6788 | D:8      | Reached * piety under Okawaru
  6817 | D:8      | Bought a scroll of identify for 26 gold pieces
  7540 | D:9      | Reached XP level 10. HP: 59/59 MP: 10/10
  7649 | D:9      | Noticed a cyclops
  7676 | D:9      | Killed a cyclops
  7676 | D:9      | Reached ** piety under Okawaru
  7676 | D:9      | Reached skill level 9 in Shields
  7955 | D:9      | Reached *** piety under Okawaru
  7996 | D:9      | Got a pitted trident
  7997 | D:9      | Identified the +8 trident "Ynerir" {protect, MR+} (You found it on level 9 of the Dungeon)
  8102 | D:9      | Found a staircase to the Lair.
  8294 | Lair:1   | Entered Level 1 of the Lair of Beasts
  8319 | Lair:1   | Found a large runed door.
  8320 | Lair:1   | Found a large runed door.
  8321 | Lair:1   | Noticed Waycsuqi's ghost (novice CeFi)
  8339 | Lair:1   | Found a frozen archway.
  8362 | IceCv    | Entered an ice cave
  8490 | IceCv    | Reached **** piety under Okawaru
  8490 | IceCv    | Reached skill level 10 in Shields
  8552 | IceCv    | Reached XP level 11. HP: 58/64 MP: 11/11
  8707 | IceCv    | Reached skill level 1 in Throwing
  8796 | IceCv    | Reached skill level 1 in Bows
  8919 | IceCv    | Noticed a necromancer
  8947 | IceCv    | Killed a necromancer
  8952 | IceCv    | Got a brightly glowing leather armour
  8984 | IceCv    | Reached ***** piety under Okawaru
  9331 | IceCv    | Identified the +2 leather armour "Ydaaryf" {rC+ Regen+ rCorr Int+4} (You took it off a necromancer in an ice cave)
  9835 | Lair:1   | Noticed Gastronok
  9868 | Lair:1   | Killed Gastronok
  9868 | Lair:1   | Reached skill level 10 in Polearms
  9893 | Lair:1   | Noticed a salamander
  9906 | Lair:1   | Killed a salamander
  9906 | Lair:1   | Reached ****** piety under Okawaru
 10030 | Lair:1   | Reached XP level 12. HP: 65/72 MP: 12/12
 10711 | Lair:2   | Noticed Sonja
 10731 | Lair:2   | Killed Sonja
 10762 | Lair:2   | Received a gift from Okawaru
 10938 | Lair:2   | Found a hole to the Spider Nest.
 10976 | Lair:2   | Found a staircase to the Shoals.
 11021 | Lair:2   | Received a gift from Okawaru
 11021 | Lair:2   | Reached skill level 5 in Dodging
 11022 | Lair:2   | Got an encrusted bardiche {god gift}
 11028 | Lair:2   | Identified the +9 bardiche of Okawaru's Benevolence {pain, +Inv rElec rF+} (Okawaru gifted it to you on level 2 of the Lair of Beasts)
 11653 | Lair:3   | Noticed a six-headed hydra
 11667 | Lair:3   | Killed a six-headed hydra
 11756 | Lair:3   | Noticed a five-headed hydra
 11773 | Lair:3   | Killed a five-headed hydra
 11784 | Lair:3   | Reached XP level 13. HP: 36/79 MP: 13/13
 12000 | Lair:3   | Received a gift from Okawaru
 12001 | Lair:3   | Got a translucent spear {god gift}
 12002 | Lair:3   | Identified the +9 spear "Keohick" {antimagic, rElec Stlth+} (Okawaru gifted it to you on level 3 of the Lair of Beasts)
 12444 | Lair:3   | Reached skill level 11 in Shields
 12856 | Lair:4   | Got a vibrating silver ring
 12858 | Lair:4   | Identified the ring of Celaroh {*Contam rF++ rC+ Int+3 Stlth+} (You found it on level 4 of the Lair of Beasts)
 13239 | Lair:4   | Reached skill level 5 in Stealth
 13332 | Lair:4   | Received a gift from Okawaru
 13333 | Lair:4   | Got a pair of warped boots {god gift}
 13344 | Lair:4   | Identified the +0 pair of boots "Fyset" {rPois Regen+} (Okawaru gifted it to you on level 4 of the Lair of Beasts)
 13843 | D:9      | Noticed Pikel
 13865 | D:9      | Killed Pikel
 13943 | D:7      | Bought a dazzling chain mail for 266 gold pieces
 13953 | D:7      | Identified the +1 chain mail of Yesterday {MP+9 Str+4 Dex+4} (You bought it in a shop on level 7 of the Dungeon)
 14018 | D:8      | Bought a scroll of magic mapping for 45 gold pieces
 14475 | Lair:5   | Noticed Kirke
 14511 | Lair:5   | Killed Kirke
 15182 | Lair:6   | Entered Level 6 of the Lair of Beasts
 15281 | Lair:6   | Gained mutation: Your large and strong wings let you fly indefinitely. [Gargoyle growth]
 15281 | Lair:6   | Reached XP level 14. HP: 87/87 MP: 14/14
 15289 | Lair:6   | Reached skill level 10 in Fighting
 15357 | Lair:6   | Received a gift from Okawaru
 15415 | Lair:6   | Reached skill level 12 in Shields
 16808 | D:8      | Bought a potion of curing for 72 gold pieces
 16808 | D:8      | Bought a potion of curing for 72 gold pieces
 16808 | D:8      | Bought a potion of curing for 72 gold pieces
 16808 | D:8      | Bought a large shield for 108 gold pieces
 16883 | D:10     | Entered Level 10 of the Dungeon
 16928 | D:10     | Found Ushups's Magic Scroll Shop.
 16969 | D:10     | Received a gift from Okawaru
 16970 | D:10     | Got an ancient triple sword {god gift}
 16976 | D:10     | Identified the +6 triple sword of the Rattle-Snake {holy, -Tele Fragile +Inv rPois} (Okawaru gifted it to you on level 10 of the Dungeon)
 17320 | D:10     | Found Jusch's Magic Scroll Boutique.
 17339 | D:10     | Bought a scroll of fear for 35 gold pieces
 17552 | D:10     | Found Hucy's Antique Armour Shop.
 17743 | D:11     | Got a pair of faintly humming gloves
 17773 | D:11     | Identified the +1 pair of gloves "Mitugey" {rN+ MP+9 Int+4 Dex+2} (You found it on level 11 of the Dungeon)
 17776 | D:11     | Learned a level 1 spell: Beastly Appendage
 17778 | D:11     | Learned a level 1 spell: Flame Tongue
 17868 | D:11     | Got a transparent falchion
 17869 | D:11     | Identified the cursed +3 falchion "Herghuoxt" {slice, Int+7 Stlth+} (You found it on level 11 of the Dungeon)
 18342 | D:11     | Found a staircase to the Orcish Mines.
 18438 | D:11     | Noticed Erica
 18445 | D:11     | Killed Erica
 18515 | Orc:1    | Entered Level 1 of the Orcish Mines
 18719 | Orc:2    | Entered Level 2 of the Orcish Mines
 18726 | Orc:2    | Paralysed by an orc sorcerer for 2 turns
 18764 | Orc:2    | Reached skill level 13 in Shields
 18931 | Orc:2    | Noticed an orc warlord
 18987 | Orc:1    | Found a runed door.
 18992 | Orc:1    | Noticed Jillonk's ghost (journeyman MiFi)
 18996 | Orc:1    | Received a gift from Okawaru
 18997 | Orc:1    | Got a dazzling helmet {god gift}
 19008 | Orc:1    | Identified the +0 helmet of Plasticity {rCorr} (Okawaru gifted it to you on level 1 of the Orcish Mines)
 19065 | Orc:1    | Killed Jillonk's ghost
 19554 | Orc:1    | Paralysed by an orc sorcerer for 7 turns
 20051 | Orc:1    | Killed an orc warlord
 20051 | Orc:1    | Reached XP level 15. HP: 70/95 MP: 15/15
 20194 | Orc:2    | Found a staircase to the Elven Halls.
 20685 | Orc:2    | Paralysed by an orc sorcerer for 7 turns
 20716 | Orc:2    | Gained mutation: You are dopey. (Int -2) [a neqoxec]
 20718 | Orc:2    | Reached skill level 14 in Shields
 20755 | Orc:2    | Found Fumm's General Store.
 20756 | Orc:2    | Found Benwioth's Jewellery Shop.
 20757 | Orc:2    | Found Maem's Antique Armour Boutique.
 20757 | Orc:2    | Found Bade Vaw's Antique Weapon Boutique.
 20777 | Orc:2    | Bought a potion of heal wounds for 50 gold pieces
 20777 | Orc:2    | Bought a scroll of teleportation for 30 gold pieces
 20777 | Orc:2    | Bought a scroll of teleportation for 30 gold pieces
 20777 | Orc:2    | Bought a ration for 50 gold pieces
 20779 | Orc:2    | Bought a +3 ring of protection for 294 gold pieces
 21031 | D:12     | Found a large runed door.
 21032 | D:12     | Found a large runed door.
 21988 | D:13     | Received a gift from Okawaru
 22533 | D:13     | Received a gift from Okawaru
 22605 | D:13     | Found a gate to the Vaults.
 22612 | D:13     | Reached skill level 15 in Shields
 22669 | D:13     | Received a gift from Okawaru
 22987 | D:14     | Received a gift from Okawaru
 23042 | D:14     | Reached XP level 16. HP: 85/101 MP: 16/16
 23232 | D:14     | Identified the +10 plate armour of Takaute {-Tele MR- MP+9 Str+9} (You found it on level 14 of the Dungeon)
 23893 | D:15     | Entered Level 15 of the Dungeon
 24232 | D:15     | Found Riyky's Antique Weapon Emporium.
 24579 | D:15     | Found a staircase to the Depths.
 24975 | Spider:1 | Entered Level 1 of the Spider Nest
 25015 | Lair:2   | Received a gift from Okawaru
 25168 | Shoals:1 | Entered Level 1 of the Shoals
 25471 | Shoals:1 | Reached skill level 16 in Shields
 26343 | Shoals:2 | Found Doili's Book Emporium.
 26363 | Shoals:2 | Reached skill level 10 in Dodging
 27194 | Shoals:3 | Noticed Louise
 27557 | Shoals:3 | Cast into level 2 of the Abyss (Louise)
 27610 | Abyss:2  | Received a gift from Okawaru
 27705 | Abyss:2  | Noticed a tentacled starspawn
 27773 | Shoals:3 | Escaped the Abyss
 27788 | Shoals:3 | Reached skill level 17 in Shields
 27788 | Shoals:3 | Reached XP level 17. HP: 106/108 MP: 17/17
 27824 | Shoals:3 | Cast into level 3 of the Abyss (Louise)
 27824 | Abyss:3  | Found a corrupted altar of Lugonu.
 28104 | Abyss:3  | HP: 6/129 [thrashing horror (5)]
 28104 | Abyss:3  | Slain by a large abomination

Skill      XL: |  1  2  3  4  5  6  7  8  9 10 11 12 13 14 15 16 |
---------------+-------------------------------------------------+-----
Long Blades    | 2 3 4 |  4.2
Shields        | 4 5 6 7 8 10 11 13 15 17 | 17.0
Fighting       | 4 5 6 7 8 9 11 12 | 12.8
Armour         | 4 5 6 7 8 9 |  9.4
Dodging        | 1 2 3 5 7 8 9 10 | 10.3
Short Blades   | 1 3 |  3.0
Polearms       | 3 5 7 10 12 13 14 | 14.0
Stealth        | 1 3 4 5 6 7 |  7.5
Throwing       | 1 2 |  2.5
Bows           | 1 |  1.8
Evocations     | |  0.3

Action                   |  1- 3 |  4- 6 |  7- 9 | 10-12 | 13-15 | 16-18 || total
-------------------------+-------+-------+-------+-------+-------+-------++-------
Melee: Long sword        |   130 |   183 |    64 |       |       |       ||   377
       Dagger            |       |    36 |   319 |       |       |       ||   355
       Lance             |       |       |   230 |   783 |  2174 |   991 ||  4178
 Fire: Shortbow          |       |       |       |    25 |       |       ||    25
Throw: Tomahawk          |       |       |     7 |     6 |    41 |    32 ||    86
       Throwing net      |       |       |       |       |     2 |     2 ||     4
       Javelin           |       |       |       |       |     4 |       ||     4
 Abil: Fly               |       |       |       |       |       |     1 ||     1
Evoke: Wand              |       |       |       |       |     1 |     5 ||     6
  Use: Scroll            |     9 |     1 |    12 |     5 |    19 |     9 ||    55
       Potion            |       |       |       |     6 |     4 |     6 ||    16
 Stab: Invisible         |       |       |       |     6 |       |       ||     6
       Distracted        |       |       |       |     2 |     2 |       ||     4
       Sleeping          |       |       |       |     1 |    17 |     7 ||    25
  Eat: Ration            |     1 |     1 |     5 |     4 |    11 |     5 ||    27
       Chunk             |       |       |     3 |     1 |     2 |       ||     6
Armor: Scale mail        |    82 |    42 |       |       |       |       ||   124
       Chain mail        |       |   113 |   158 |       |     2 |       ||   273
       Ring mail         |       |       |    65 |       |       |       ||    65
       Plate armour      |       |       |    37 |   246 |       |       ||   283
       Leather armour    |       |       |       |   228 |   634 |   330 ||  1192
       Skin              |       |       |       |       |       |     9 ||     9
Dodge: Dodged            |    47 |    67 |   194 |   338 |   776 |   407 ||  1829
Block: Shield            |    83 |   167 |   319 |   224 |   350 |       ||  1143
       Large shield      |       |       |       |       |  1356 |  1122 ||  2478
       Rpst.: Long sword |    14 |    10 |     4 |       |       |       ||    28
